 Dungeon Crawl Stone Soup version 0.31-a0-667-g39726597b9 (webtiles) character file.

Game seed: 16501974911270394468

1648953 MrSquiggles the Slayer (level 27, 189/271 HPs)
             Began as a Minotaur Fighter on Sept 3, 2023.
             Was a High Priest of Okawaru.
             Escaped with the Orb
             ... and 3 runes!
             The game lasted 02:41:33 (74957 turns).

MrSquiggles the Slayer (Minotaur Fighter)          Turns: 74957, Time: 02:41:34

Health: 189/271    AC: 46    Str: 34    XL:     27
Magic:  30/30      EV: 22    Int: 11    God:    Okawaru [*****.]
Gold:   7778       SH: 35    Dex: 18    Spells: 26/26 levels left

rFire   + + +        Q - +7 demon trident (spect)
rCold   + + .        c - +9 tower shield of the Present {Dex+2}
rNeg    + . .        r - +10 gold dragon scales
rPois   +            q - +2 hat of Space {rF+}
rElec   +            x - +0 cloak of Grot {rCorr Str+3 SInv}
rCorr   +            w - +1 pair of gloves {hurl}
SInv    +            l - +0 pair of boots "Koexyxo" {rPois Regen+}
Will    ++...        Y - amulet of faith Stlth
                     d - ring of Uvelach {rElec rN+ Str+2 Int+6 Slay+6}
HPRegen 1.45/turn    M - ring of the Octopus King {Fly HP+2 AC+2 EV+2 SH+2}
MPRegen 0.22/turn

%: faith
@: mighty, resistant, flying, hasted, studying 5 skills, very quick
A: horns 2, retaliatory headbutt, hooves 1, screaming 2
0: Orb of Zot
}: 3/15 runes: serpentine, barnacled, silver
a: Renounce Religion, Heroism, Finesse, Duel


You escaped.
You worshipped Okawaru.
Okawaru was extremely pleased with you.
You visited 10 branches of the dungeon, and saw 50 of its levels.
You visited the Abyss 6 times.
You also visited: Ossuary, Gauntlet and Ice Cave.

You collected 10074 gold pieces.
You spent 2296 gold pieces at shops.

Inventory:

Hand Weapons
 Q - a +7 spectral demon trident (weapon)
Missiles
 b - 13 silver javelins
 m - 50 boomerangs (quivered)
 t - 94 poisoned darts
 u - 29 javelins
 v - 8 curare-tipped darts
 R - 17 datura-tipped darts
 X - 12 throwing nets
Armour
 c - the +9 tower shield of the Present (worn) {Dex+2}
   (Okawaru gifted it to you on level 3 of the Abyss)

   Dex+2:     It affects your dexterity (+2).
 l - the +0 pair of boots "Koexyxo" (worn) {rPois Regen+}
   (Okawaru gifted it to you on level 13 of the Dungeon)

   rPois:     It protects you from poison Regen+: It increases your rate of
   health regeneration.
 q - the +2 hat of Space (worn) {rF+}
   (You found it on level 2 of the Realm of Zot)

   rF+:       It protects you from fire.
 r - +10 gold dragon scales (worn)
 w - a +1 pair of gloves of hurling (worn)
 x - the +0 cloak of Grot (worn) {rCorr Str+3 SInv}
   (Okawaru gifted it to you on level 1 of the Realm of Zot)

   Str+3:     It affects your strength (+3).
   SInv:      It lets you see invisible.
   rCorr:     It protects you from acid and corrosion.
Jewellery
 d - the ring of Uvelach (left hand) {rElec rN+ Str+2 Int+6 Slay+6}
   (You took it off a merfolk on level 4 of the Shoals)

   [ring of intelligence]

   Str+2:     It affects your strength (+2).
   Int+6:     It affects your intelligence (+6).
   Slay+6:    It affects your accuracy & damage with ranged weapons and melee
   (+6).
   rElec:     It insulates you from electricity.
   rN+:       It protects you from negative energy.
 z - the ring of Locikyrch {rF+ rN+ AC+4 Int+7 Stlth-}
   (You found it on level 5 of the Vaults)

   [ring of protection]

   AC+4:      It affects your AC (+4).
   Int+7:     It affects your intelligence (+7).
   rF+:       It protects you from fire.
   rN+:       It protects you from negative energy.
   Stlth-:    It makes you less stealthy.
 D - a ring of protection from cold
 M - a ring of the Octopus King (right hand) {Fly HP+2 AC+2 EV+2 SH+2}
   (You took it off a naga sharpshooter on level 3 of the Snake Pit)

   [ring of flight]

   AC+2:      It affects your AC (+2).
   EV+2:      It affects your evasion (+2).
   HP+2:      It affects your health (+2).
   Fly:       It grants you flight.
   SH+2:      It affects your SH (+2).
 Y - an amulet of faith (around neck)
Wands
 o - a wand of digging (18)
 E - a wand of acid (28)
 G - a wand of iceblast (48)
 J - a wand of mindburst (19)
 K - a wand of flame (85)
Scrolls
 j - 22 scrolls of teleportation
 n - a scroll of blinking
 p - 7 scrolls of fog
 y - 9 scrolls of poison
 A - 9 scrolls of fear
 C - 9 scrolls of vulnerability
 H - 5 scrolls of silence
 N - 5 scrolls of revelation
 O - 4 scrolls of immolation
 P - 2 scrolls of torment
 W - 37 scrolls of identify
Potions
 a - 8 potions of lignification
 e - 4 potions of enlightenment
 f - 7 potions of invisibility
 g - 8 potions of attraction
 h - 5 potions of cancellation
 k - 18 potions of curing
 s - 3 potions of heal wounds
 B - 13 potions of haste
 I - 4 potions of ambrosia
 L - 5 potions of brilliance
 T - 6 potions of might
 V - 3 potions of resistance
 Z - 4 potions of magic
Miscellaneous
 i - a phial of floods
 F - a condenser vane
 S - a lightning rod (4/4)


   Skills:
 * Level 26.1 Fighting
 - Level 14.0 Polearms
 + Level 18.6 Throwing
 + Level 24.3 Armour
 + Level 23.9 Dodging
 + Level 24.2 Shields
 - Level 11.0 Invocations
 + Level 18.1 Evocations


You had 26 spell levels left.
You didn't know any spells.
Your spell library contained the following spells:

 Spells                   Type           Power      Damage    Failure   Level
 Apportation              Tloc           0%         N/A       92%         1
 Freeze                   Ice            0%         1d3       92%         1
 Kiss of Death            Conj/Necr      0%         2d5       92%         1
 Magic Dart               Conj           0%         1d3       92%         1
 Necrotise                Necr           0%         1d4       92%         1
 Sandblast                Erth           0%         2d4       92%         1
 Shock                    Conj/Air       0%         1d3       92%         1
 Slow                     Hex            0%         N/A       92%         1
 Sting                    Tmut/Pois      0%         1d3       92%         1
 Blink                    Tloc           0%         N/A       98%         2
 Cigotuvi's Dreadful Rot  Necr/Pois/Air  0%         N/A       98%         2
 Ensorcelled Hibernation  Hex/Ice        0%         N/A       98%         2
 Lesser Beckoning         Tloc           0%         N/A       98%         2
 Passwall                 Tmut/Erth      0%         N/A       98%         2
 Poisonous Vapours        Pois/Air       0%         N/A       98%         2
 Scorch                   Fire           0%         2d5       98%         2
 Searing Ray              Conj           0%         2d4       98%         2
 Sublimation of Blood     Necr           0%         N/A       98%         2
 Wereblood                Tmut           0%         N/A       98%         2
 Confusing Touch          Hex            0%         N/A       100%        3
 Dazzling Flash           Conj/Hex       0%         N/A       100%        3
 Frozen Ramparts          Ice            0%         1d1       100%        3
 Gell's Gravitas          Tloc           0%         N/A       100%        3
 Hailstorm                Conj/Ice       0%         3d3       100%        3
 Ignite Poison            Fire/Tmut/Pois 0%         N/A       100%        3
 Inner Flame              Hex/Fire       0%         N/A       100%        3
 Mephitic Cloud           Conj/Pois/Air  0%         N/A       100%        3
 Ozocubu's Armour         Ice            0%         N/A       100%        3
 Portal Projectile        Hex/Tloc       0%         N/A       100%        3
 Stone Arrow              Conj/Erth      0%         3d7       100%        3
 Swiftness                Air            0%         N/A       100%        3
 Teleport Other           Tloc           0%         N/A       100%        3
 Vampiric Draining        Necr           0%         2d6       100%        3
 Volatile Blastmotes      Fire/Tloc      0%         2d10      100%        3
 Airstrike                Air            0%         2d(0-16)  100%        4
 Anguish                  Hex/Necr       0%         N/A       100%        4
 Cause Fear               Hex            0%         N/A       100%        4
 Dispel Undead            Necr           0%         3d6       100%        4
 Flame Wave               Conj/Fire      0%         2d4       100%        4
 Fulminant Prism          Conj/Hex       0%         3d5       100%        4
 Iskenderun's Mystic Bla  Conj/Tloc      0%         2d3       100%        4
 Leda's Liquefaction      Hex/Erth       0%         N/A       100%        4
 Manifold Assault         Tloc           0%         N/A       100%        4
 Olgreb's Toxic Radiance  Pois           0%         N/A       100%        4
 Petrify                  Tmut/Erth      0%         N/A       100%        4
 Sticky Flame             Conj/Fire      0%         2d3       100%        4
 Vhi's Electric Charge    Tloc/Air       0%         N/A       100%        4
 Agony                    Necr           0%         N/A       100%        5
 Alistair's Intoxication  Tmut/Pois      0%         N/A       100%        5
 Arcjolt                  Conj/Air       0%         1d10      100%        5
 Borgnjor's Vile Clutch   Necr/Erth      0%         N/A       100%        5
 Fireball                 Conj/Fire      0%         3d3       100%        5
 Freezing Cloud           Conj/Ice/Air   0%         6-21      100%        5
 Irradiate                Conj/Tmut      0%         3d11      100%        5
 Iskenderun's Battlesphe  Conj           0%         2d6       100%        5
 Lee's Rapid Deconstruct  Erth           0%         3d4*      100%        5
 Metabolic Englaciation   Hex/Ice        0%         N/A       100%        5
 Conjure Ball Lightning   Conj/Air       0%         3x3d6     100%        6
 Dispersal                Tloc           0%         N/A       100%        6
 Eringya's Noxious Bog    Tmut/Pois      0%         4d6       100%        6
 Plasma Beam              Fire/Air       0%         2x1d10    100%        6
 Enfeeble                 Hex            0%         N/A       100%        7
 Orb of Destruction       Conj           0%         9d5       100%        7
 Ozocubu's Refrigeration  Ice            0%         4d7       100%        7
 Discord                  Hex            0%         N/A       100%        8
 Ignition                 Fire           0%         3d3       100%        8
 Lehudib's Crystal Spear  Conj/Erth      0%         10d2      100%        8
 Maxwell's Capacitive Co  Air            0%         ∞         100%        8
 Chain Lightning          Conj/Air       0%         N/A       100%        9
 Fire Storm               Conj/Fire      0%         5d1       100%        9
 Shatter                  Erth           0%         3d5*      100%        9
 Call Canine Familiar     Summ           Unusable   N/A       N/A         3
 Animate Armour           Summ/Erth      Unusable   N/A       N/A         4
 Summon Ice Beast         Ice/Summ       Unusable   N/A       N/A         4
 Summon Forest            Summ/Tloc      Unusable   N/A       N/A         5
 Summon Mana Viper        Hex/Summ       Unusable   N/A       N/A         5
 Death Channel            Necr           Unusable   N/A       N/A         6
 Simulacrum               Ice/Necr       Unusable   N/A       N/A         6
 Summon Cactus Giant      Summ           Unusable   N/A       N/A         6
 Summon Hydra             Summ           Unusable   N/A       N/A         7
 Dragon's Call            Summ           Unusable   N/A       N/A         9

Dungeon Overview and Level Annotations

Branches:
Dungeon (15/15)            Temple (0/1) D:6            Lair (5/5) D:9
 Shoals (4/4) Lair:2        Snake (4/4) Lair:2        Slime (0/5) Lair:5
    Orc (2/2) D:11            Elf (3/3) Orc:2        Vaults (5/5) D:14
  Crypt (3/3) Vaults:3       Tomb (0/3) Crypt:3      Depths (4/4) D:15
    Zot (5/5) Depths:4    Ossuary (visited)           IceCv (visited)
Gauntlet (visited)

Altars:
Elyvilon
Fedhas
Gozag
Kikubaaqudgha
Makhleb
Nemelex Xobeh
Okawaru
Qazlal
Ru
Sif Muna
Uskayaw
Vehumet
Xom
Yredelemnul
The Shining One

Shops:
D:1 ?   D:5 ?**[   D:8 (:((   Orc:2 =!=*   Elf:1 [   Elf:3 :   Snake:3 ![
Vaults:2 (   Vaults:3 (   Depths:2 =   Depths:4 ::=

Portals:
Hell: Depths:1 Depths:2 Depths:3 Depths:4
Abyss: Depths:1 Depths:3
Pandemonium: Depths:2 Depths:4
Ziggurat: Depths:1

Annotations:
Lair:3 exclusion: ice statue
Shoals:1 Roxanne
Elf:2 3 runed translucent doors
Zot:5 exclusion: obsidian statue


Innate Abilities, Weirdness & Mutations

You have a pair of horns on your head.
You reflexively headbutt those who attack you in melee.
You have large cloven feet.
You frequently scream uncontrollably at your foes.


Message History

The sticky flame hits you but does no damage.
You are covered in liquid flames!
You are covered in liquid flames!
The smoke demon gestures at you.
The ball of steam hits you but does no damage.
You are covered in liquid flames!
You block the smoke demon's attack. x3
You hit the smoke demon.
The smoke demon is lightly wounded.
Your +7 spectral demon trident hits the smoke demon from afar!!
You are covered in liquid flames!
You are no longer on fire.
You completely miss the smoke demon. You headbutt the smoke demon.
You kill the smoke demon!
Okawaru accepts your kill.
Your +7 spectral demon trident disappears.
The tormentor calls on the powers of darkness!
Your body is wracked with pain!
* * * LOW HITPOINT WARNING * * *
There is a stone staircase leading up here.
You fly upwards.
There is a stone staircase leading down here.
You are confused.
You feel invigorated.
You feel much better.
You feel much better.
You feel much better.
You feel less invigorated.
You feel less confused.
You feel better.
You feel yourself speed up.
You feel protected.
You feel very mighty all of a sudden.
Okay, then.
Aiming: Dig
Press: ? - help, Shift-Dir - straight line You can't see that place. [the floor.]
The rock shatters into small pieces.
There is a staircase leading out of the dungeon here.
You have escaped!

#.#...##.###.~~~~.###.#.#.~.##...
#...............~...#.#.#.~.##...
#.....###.#####.~~~.#.#.#.~.##...
#.....#...........~...#.#.~.###.#
#######.##..~~~~~.~~~.#...~.##...
#.#...~...~...~.#.~~~.##..#
###.~~~.~.~~~.~)#.~.#.##..#
#...~...~.....~...~.#.##..#
#.~~~.~~~.@.~~~.~~~.#......
#.~...~.....~...~...####..#
##.~.#.~.~~~.~.~~~.###.....#
#~~~.#.~...~...~...#.#.###.#
#~...#.~~~.~~~~~.###.#.# #.#
#~.#.#...~...........#.# #)#
#~.#.#.#.~~~.#########.# #.#
#~.#.#.#...~...........# #.#
#~.#.#.###.~~~~.######.###.#


There were no monsters in sight!

Vanquished Creatures
  3 dread liches
  5 orbs of fire
  Mara (Vaults:2)
  3 ancient liches
  Boris (Vaults:5)
  7 Killer Klowns
  Vv (Zot:1)
  2 caustic shrikes (Depths:2)
  2 curse toes (Zot:2)
  Vashnia (Snake:4)
  13 golden dragons
  7 bone dragons
  A pearl dragon (Abyss:3)
  Nikola (Shoals:2)
  A profane servitor (Crypt:1)
  4 electric golems
  A Hell Sentinel (Zot:4)
  Jorgrun (Shoals:1)
  16 tentacled monstrosities
  A walking crystal tome (Depths:2)
  28 Orb Guardians
  14 liches
  4 quicksilver dragons
  11 sphinxes
  A walking earthen tome (Depths:2)
  3 deep elf master archers (Elf:3)
  6 titans
  3 deep elf blademasters (Elf:3)
  A walking divine tome (Depths:2)
  5 ancient champions
  2 Executioners (Abyss:3)
  Polyphemus (Shoals:2)
  Frances (D:14)
  7 tentacled starspawn
  7 death cobs
  15 shadow dragons
  Aizul (Snake:3)
  6 tengu reavers
  Kirke (Shoals:4)
  2 revenants
  Donald (Vaults:1)
  13 storm dragons
  Ilsuiw (Shoals:3)
  12 draconian knights
  8 draconian monks
  9 frost giants
  A demonspawn warmonger (Zot:2)
  A daeva (Abyss:3)
  3 nagarajas
  4 iron dragons
  9 fire giants
  10 draconian scorchers
  A caustic shrike zombie (Depths:3)
  11 deep elf sorcerers
  3 deep elf elementalists
  3 balrugs
  19 vault wardens
  Louise (Shoals:1)
  A cacodemon (Abyss:3)
  A ghost moth (shapeshifter) (Depths:4)
  4 ghost moths
  An angel (Zot:2)
  12 draconian annihilators
  A curse skull (Crypt:1)
  5 ghouls
  12 draconian shifters
  2 orc warlords
  6 stone giants
  A caustic shrike skeleton (Crypt:3)
  A reaper (Crypt:1)
  6 draconian stormcallers
  4 formless jellyfish
  8 ironbound thunderhulks
  2 juggernaut skeletons
  24 ironbound preservers
  16 black draconians
  27 very ugly things
  14 vampire knights
  12 dire elephants
  11 green draconians
  8 yellow draconians
  3 deep elf demonologists (Elf:3)
  16 red draconians
  8 deep elf annihilators
  3 minotaurs
  20 purple draconians
  3 eleionomae (shapeshifter)
  16 white draconians
  9 deep elf death magi
  9 fire dragons
  6 merfolk impalers
  The ghost of DocEon the Mimic, a journeyman DrSh of Qazlal (Lair:3)
  7 eidola
  9 ettins
  14 jiangshi
  A blizzard demon (Depths:3)
  8 deep elf high priests
  A merfolk javelineer (Shoals:3)
  2 green deaths
  A mummy priest (Crypt:3)
  Josephine (D:10)
  A great orb of eyes (shapeshifter) (Zot:2)
  11 yaktaur captains
  10 great orbs of eyes
  4 hydras
  4 salamander tyrants
  2 rakshasas (Depths:3)
  7 ice dragons
  A hell beast (Depths:3)
  6 spriggan air magi
  39 vault guards
  An alligator (shapeshifter) (Depths:4)
  5 catoblepae
  9 centaur warriors
  A juggernaut simulacrum (Depths:3)
  Fannar (D:12)
  2 spriggan skeletons
  2 merfolk avatars
  9 ironbound frosthearts
  A merfolk aquamancer (Shoals:4)
  13 anacondas
  4 death knights
  3 ogre magi
  6 boulder beetles
  4 deep troll shamans
  10 satyrs
  9 vampire magi
  18 two-headed ogres
  6 death yaks
  13 naga warriors
  2 titan zombies
  17 naga sharpshooters
  A quicksilver ooze zombie (Crypt:1)
  21 dancing weapons
  2 spriggan berserkers
  An emperor scorpion zombie (Crypt:2)
  A hell hog (Depths:3)
  6 tengu warriors
  A shock serpent (shapeshifter) (Vaults:5)
  5 sun demons
  Urug (Orc:1)
  4 thrashing horrors
  4 deep troll earth magi
  11 deep elf knights
  4 wretched stars
  Nergalle (Orc:1)
  7 hell knights
  An orc high priest (Orc:2)
  11 skysharks
  2 shadow wraiths
  6 soul eaters
  A storm dragon zombie (Depths:3)
  7 salamander mystics
  2 iron giant zombies (Crypt:3)
  A titan skeleton (Depths:3)
  10 shock serpents
  22 skeletal warriors
  An iron troll (Depths:1)
  2 sixfirhies (Abyss:2)
  Lodul (D:10)
  An anaconda zombie (Crypt:2)
  An iron troll (shapeshifter) (Zot:2)
  A quicksilver dragon simulacrum (Depths:3)
  A goliath frog (shapeshifter) (Vaults:5)
  67 deep trolls
  14 sea snakes
  4 flayed ghosts
  A bog body (Crypt:2)
  The ghost of avis the Nimble, a novice FeSh of Gozag (Lair:1)
  18 ironbound convokers
  7 deep elf archers
  A glowing orange brain (Depths:4)
  11 wizards
  7 naga ritualists
  3 bunyip skeletons
  3 orc knights
  2 oklob plants (Lair:4)
  17 phantasmal warriors
  23 deep elf pyromancers
  15 lindwurms
  12 mana vipers
  10 necromancers
  22 starcursed masses
  7 cyclopes
  15 large abominations
  21 harpies
  24 deep elf zephyrmancers
  11 fauns
  A faun (shapeshifter) (Vaults:5)
  2 orc sorcerers
  17 manticores
  3 wolf spiders
  2 worldbinders (Abyss:3)
  8 guardian serpents
  A stone giant skeleton (Crypt:3)
  A salamander (shapeshifter) (Abyss:3)
  28 ugly things
  19 salamanders
  2 ice statues (IceCv)
  An iron dragon skeleton (Crypt:3)
  A moth of wrath (shapeshifter) (Vaults:5)
  An eleionoma skeleton (Crypt:2)
  22 elephants
  15 moths of wrath
  39 slime creatures
  An elephant (shapeshifter) (Zot:2)
  13 naga magi
  5 smoke demons
  6 water nymphs
  2 gargoyles
  An eye of devastation (shapeshifter) (Vaults:5)
  6 merfolk sirens
  2 rust devils (Depths:2)
  An apocalypse crab (Abyss:2)
  12 vault sentinels
  5 torpor snails (Lair:5)
  42 black mambas
  2 orange demons
  A titan simulacrum (Abyss:2)
  A dire elephant skeleton (Crypt:1)
  6 freezing wraiths
  A storm dragon simulacrum (Crypt:1)
  Maggie (Lair:2)
  16 cane toads
  A green draconian zombie (Crypt:3)
  11 komodo dragons
  34 yaktaurs
  2 hellions (Abyss:2)
  Psyche (D:12)
  A yaktaur (shapeshifter) (D:15)
  A yellow draconian skeleton (Crypt:1)
  4 kobold demonologists
  An ice devil (Abyss:2)
  15 rime drakes
  7 guardian mummies (Crypt:3)
  A purple draconian skeleton (Crypt:3)
  3 ancient zymes
  2 tengu conjurers
  15 trolls
  A meliai (D:11)
  A hydra zombie (Crypt:1)
  14 hornets
  30 merfolk
  3 tyrant leeches (Lair:5)
  A fire giant simulacrum (Depths:3)
  12 raiju
  14 blink frogs
  5 dream sheep (Lair:3)
  4 polar bears
  8 wind drakes
  10 snapping turtles
  Prince Ribbit (D:8)
  8 flying skulls
  A dream sheep (shapeshifter) (Zot:2)
  A centaur simulacrum (D:11)
  7 shadows
  A black mamba zombie (Crypt:1)
  35 yaks
  2 ice dragon skeletons
  15 wraiths
  A satyr skeleton (Crypt:3)
  11 water elementals
  9 ynoxinuls
  2 spriggans
  7 humans (Shoals:4)
  An ettin skeleton (Crypt:2)
  A black mamba skeleton (Crypt:2)
  4 fire bats (Lair:2)
  17 wyverns
  6 basilisks
  A vampire (D:10)
  A basilisk (shapeshifter) (Vaults:5)
  Eustachio (D:5)
  A tyrant leech zombie (Crypt:3)
  5 small abominations
  A fire bat (shapeshifter) (D:11)
  6 neqoxecs
  2 golden eyes (Abyss:2)
  Grum (D:8)
  9 vampire mosquitoes
  5 chaos spawn
  6 redbacks
  A two-headed ogre zombie (Crypt:2)
  22 nagas
  A glowing shapeshifter zombie (Depths:3)
  2 wargs (Orc:1)
  22 water moccasins
  2 floating eyes
  An acid dragon (D:11)
  5 hell hounds
  A demonspawn skeleton (Crypt:3)
  6 ice beasts
  A sky beast (D:7)
  2 black bears
  13 orc warriors
  31 ogres
  A blink frog zombie (Crypt:3)
  23 wolves
  The ghost of Xavori the Cutter, an amateur OpCK of Xom (D:3)
  18 centaurs
  10 kobold brigands
  3 phantoms
  An elf zombie (Ossuary)
  10 bullfrogs
  3 necrophages (Crypt:3)
  An earth elemental (Elf:1)
  4 scorpions
  A salamander skeleton (Crypt:1)
  2 gnoll sergeants
  14 wights
  17 killer bees
  7 howler monkeys
  4 komodo dragon simulacra (IceCv)
  A bullfrog zombie (D:3)
  6 centaur zombies
  A hound (shapeshifter) (Vaults:5)
  A human zombie (Ossuary)
  4 lava snakes (Lair:2)
  3 quasits
  14 orc priests
  A bullfrog skeleton (Crypt:3)
  4 jellies
  A wyvern simulacrum (Lair:1)
  4 hounds
  A basilisk zombie (Crypt:2)
  A centaur skeleton (D:3)
  2 water moccasin simulacra (Lair:1)
  3 iron imps
  A black bear skeleton (Crypt:2)
  4 iguanas
  19 orc wizards
  A boggart skeleton (Crypt:2)
  A yak simulacrum (Lair:1)
  A sky beast zombie (Crypt:3)
  An ice beast zombie (Crypt:2)
  An ogre zombie (Ossuary)
  A bullfrog simulacrum (Lair:1)
  8 mummies
  Robin (D:2)
  8 acid dragon simulacra (IceCv)
  10 adders
  19 gnolls
  A swamp drake zombie (Crypt:2)
  2 steam dragon skeletons (Crypt:1)
  13 shadow imps
  5 white imps
  6 ufetubi
  9 steam dragon simulacra (IceCv)
  An adder skeleton (Crypt:2)
  4 adder zombies (Ossuary)
  2 worms
  5 dart slugs
  65 orcs
  6 bats
  9 endoplasms
  A giant cockroach (D:11)
  2 gnoll zombies
  10 goblins
  11 hobgoblins
  3 jackals (D:1)
  5 quokkas
  4 ball pythons
  3 frilled lizards
  A gnoll skeleton (Crypt:3)
  6 goblin zombies (Ossuary)
  2 hobgoblin zombies (Ossuary)
  37 kobolds
  7 kobold skeletons (D:9)
  13 kobold zombies
  3 orc zombies
  2 quokka zombies
  6 rats
  5 rat zombies (Ossuary)
  A spectral orc (D:6)
  2 spectral weapons
  4 starspawn tentacles (Abyss:3)
2563 creatures vanquished.

Vanquished Creatures (others)
  A draconian knight (Zot:3)
  A ghost moth (Zot:1)
  A draconian annihilator (Zot:2)
  A white draconian (Zot:3)
  A necromancer (Depths:2)
  A water elemental (Elf:1)
  A small abomination (Abyss:3)
  An orc wizard (D:8)
  2 orcs (Orc:1)
  110 spectral weapons
  11 starspawn tentacles (Abyss:3)
131 creatures vanquished.

Grand Total: 2694 creatures vanquished

Notes
Turn   | Place    | Note
-------+----------+-------------------------------------------
     0 | D:1      | MrSquiggles the Minotaur Fighter began the quest for the
                  | Orb.
     0 | D:1      | Reached XP level 1. HP: 19/19 MP: 0/0
   124 | D:1      | Found Hynk's Magic Scroll Emporium.
   154 | D:1      | Bought a scroll of identify for 20 gold pieces
   227 | D:1      | Reached XP level 2. HP: 25/26 MP: 1/1
   401 | D:1      | Found a faded altar of an unknown god.
   424 | D:1      | Prayed at the altar of an unknown god.
   424 | D:1      | Became a worshipper of Warmaster Okawaru
   424 | D:1      | Reached * piety under Okawaru
   546 | D:1      | Reached XP level 3. HP: 31/31 MP: 2/2
   764 | D:1      | Bought a scroll of identify for 20 gold pieces
  1079 | D:2      | Reached skill level 1 in Invocations
  1498 | D:2      | Reached XP level 4. HP: 39/39 MP: 4/4
  1595 | D:3      | Noticed Robin
  1898 | D:2      | Killed Robin
  1899 | D:2      | Reached skill level 5 in Polearms
  2185 | D:3      | Identified the +0 ring mail of the Little Devil {rPois
                  | Str-5 Int+5}
  2190 | D:3      | Found a transporter.
  2194 | D:3      | Noticed Xavori's ghost (amateur OpCK)
  2312 | D:3      | Found a transporter.
  2378 | D:3      | Reached XP level 5. HP: 45/45 MP: 4/6
  2727 | D:3      | Killed Xavori's ghost
  2730 | D:3      | Reached XP level 6. HP: 38/51 MP: 7/7
  3196 | D:4      | Reached XP level 7. HP: 27/57 MP: 8/8
  3471 | D:4      | Found a radiant altar of Vehumet.
  3579 | D:4      | Found a glowing golden altar of the Shining One.
  3762 | D:4      | Reached ** piety under Okawaru
  3808 | D:4      | Noticed a yak
  3811 | D:4      | Noticed a yak
  3812 | D:4      | Noticed a yak
  3817 | D:4      | Noticed a yak
  3818 | D:4      | Killed a yak
  3819 | D:4      | Reached skill level 10 in Polearms
  3820 | D:4      | Noticed a yak
  3820 | D:4      | Noticed a yak
  3835 | D:4      | HP: 1/57 [yak (12)]
  4154 | D:3      | Killed a yak
  4155 | D:3      | Reached XP level 8. HP: 47/64 MP: 7/9
  4410 | D:4      | Reached *** piety under Okawaru
  4584 | D:4      | Found a blossoming altar of Fedhas.
  4744 | D:1      | Bought a scroll of brand weapon for 95 gold pieces
  4845 | D:5      | Entered Level 5 of the Dungeon
  4861 | D:5      | Found Kunniript's Armour Emporium.
  4861 | D:5      | Found Irom's Assorted Antiques.
  4861 | D:5      | Found Goet's Magic Scroll Emporium.
  4862 | D:5      | Found Farajeun's General Store.
  5071 | D:5      | Bought a +0 pair of gloves for 45 gold pieces
  5126 | D:5      | Noticed Eustachio
  5139 | D:5      | Killed Eustachio
  5140 | D:5      | Reached XP level 9. HP: 69/70 MP: 10/10
  5505 | D:5      | Reached skill level 1 in Throwing
  5730 | D:5      | Found a shimmering altar of Xom.
  5932 | D:6      | Found a staircase to the Ecumenical Temple.
  6075 | D:6      | Reached **** piety under Okawaru
  6311 | D:6      | Found a hide-covered altar of Uskayaw.
  6443 | D:6      | Reached skill level 5 in Throwing
  6580 | D:6      | Found an ancient bone altar of Kikubaaqudgha.
  6726 | D:6      | Found a basalt altar of Yredelemnul.
  6992 | D:7      | Reached skill level 4 in Fighting
  6992 | D:7      | Reached skill level 1 in Dodging
  7771 | D:8      | Found a sand-covered staircase.
  7831 | Ossuary  | Entered an ossuary
  7870 | Ossuary  | Reached XP level 10. HP: 71/80 MP: 11/11
  8258 | D:8      | Found Tonom's Weapon Emporium.
  8290 | D:8      | Noticed Prince Ribbit
  8309 | D:8      | Reached skill level 5 in Armour
  8315 | D:8      | Killed Prince Ribbit
  8316 | D:8      | Reached skill level 5 in Fighting
  8634 | D:8      | Found a burning altar of Makhleb.
  8670 | D:8      | Found Pakaakhe's Weapon Emporium.
  8685 | D:8      | Found Qad Ziem's Book Shoppe.
  8694 | D:8      | Noticed Grum
  8696 | D:8      | Found Asucotan's Weapon Emporium.
  8723 | D:8      | Killed Grum
  8969 | D:9      | Found a shimmering blue altar of Sif Muna.
  9072 | D:9      | Found a white marble altar of Elyvilon.
  9151 | D:9      | Found an opulent altar of Gozag.
  9159 | D:9      | Identified the amulet of Viniupt {Spirit Harm rElec rCorr}
  9183 | D:9      | Found a staircase to the Lair.
  9267 | D:9      | Found a sacrificial altar of Ru.
  9391 | D:9      | Reached skill level 6 in Fighting
  9564 | D:9      | Reached skill level 5 in Invocations
  9710 | D:9      | Found a sparkling altar of Nemelex Xobeh.
  9952 | D:9      | Reached skill level 5 in Dodging
 10344 | D:9      | Found an ancient bone altar of Kikubaaqudgha.
 10504 | D:10     | Entered Level 10 of the Dungeon
 10557 | D:10     | Reached skill level 7 in Fighting
 10615 | D:10     | You fall into a shaft and drop 2 floors!
 10633 | D:12     | Received a gift from Okawaru
 10656 | D:11     | Noticed a manticore
 10657 | D:11     | Noticed a two-headed ogre
 10672 | D:12     | Reached XP level 11. HP: 43/92 MP: 12/14
 10876 | D:12     | Identified the +0 scale mail "Icwourr" {Will- Regen+
                  | Slay+3}
 10897 | D:12     | Noticed a two-headed ogre
 10906 | D:12     | Killed a two-headed ogre
 11688 | D:12     | Noticed a two-headed ogre
 11700 | D:12     | Killed a two-headed ogre
 11700 | D:12     | Reached ***** piety under Okawaru
 11739 | D:12     | Reached skill level 8 in Fighting
 11798 | D:12     | Noticed Fannar
 11808 | D:12     | Killed Fannar
 11808 | D:12     | Received a gift from Okawaru
 12020 | D:12     | Identified the amulet "Norcha" {RegenMP rN+ MP+9}
 12036 | D:12     | Noticed Psyche
 12040 | D:12     | Killed Psyche
 12173 | D:11     | Noticed a two-headed ogre
 12176 | D:11     | Killed a two-headed ogre
 12176 | D:11     | Identified the +1 hat of the Spheres {Str+3} (Okawaru
                  | gifted it to you on level 11 of the Dungeon)
 12176 | D:11     | Received a gift from Okawaru
 12177 | D:11     | Reached skill level 1 in Evocations
 12325 | D:11     | Reached skill level 9 in Fighting
 12404 | D:11     | Noticed a centaur warrior
 12513 | D:11     | Identified the +3 robe of the Trombone {rElec Will+
                  | Archmagi}
 12521 | D:11     | Killed a centaur warrior
 12527 | D:11     | Reached XP level 12. HP: 97/104 MP: 13/16
 12530 | D:11     | Noticed a two-headed ogre
 12549 | D:11     | Killed a two-headed ogre
 12766 | D:11     | Reached skill level 5 in Evocations
 12869 | D:11     | Found a sacrificial altar of Ru.
 12877 | D:11     | Found a staircase to the Orcish Mines.
 12960 | D:11     | Noticed a boulder beetle
 12978 | D:11     | Killed a boulder beetle
 13426 | D:11     | Killed a two-headed ogre
 13807 | D:10     | Received a gift from Okawaru
 13863 | D:10     | Found a stormy altar of Qazlal.
 13891 | D:10     | Noticed Josephine
 13907 | D:10     | Killed Josephine
 14247 | D:10     | Reached skill level 10 in Fighting
 14247 | D:10     | Reached skill level 10 in Armour
 14322 | D:10     | Noticed Lodul
 14338 | D:10     | Killed Lodul
 14342 | D:10     | Reached skill level 10 in Dodging
 14409 | D:10     | Noticed a two-headed ogre
 14427 | D:10     | Killed a two-headed ogre
 14468 | D:10     | Noticed a death knight
 14489 | D:10     | Reached XP level 13. HP: 114/114 MP: 16/18
 14622 | D:10     | Received a gift from Okawaru
 15503 | Lair:1   | Entered Level 1 of the Lair of Beasts
 15518 | Lair:1   | Found a frozen archway.
 15579 | IceCv    | Entered an ice cave
 15655 | IceCv    | Received a gift from Okawaru
 15895 | IceCv    | Got the Disquisition on Snow
 16051 | IceCv    | Reached skill level 11 in Fighting
 16322 | Lair:1   | Noticed avis's ghost (novice FeSh)
 16470 | Lair:1   | Identified the +5 scale mail "Voce" {Dex+3} (Okawaru gifted
                  | it to you on level 1 of the Lair of Beasts)
 16470 | Lair:1   | Received a gift from Okawaru
 16980 | Lair:1   | Found a runed translucent gate.
 16980 | Lair:1   | Found a runed translucent gate.
 16980 | Lair:1   | Found a runed translucent gate.
 17259 | Lair:2   | Reached skill level 12 in Fighting
 17319 | Lair:2   | You fall into a shaft and drop 2 floors!
 17358 | Lair:2   | Found a gate leading to a gauntlet.
 17368 | Gauntlet | Entered a Gauntlet
 17368 | Gauntlet | Found a transporter.
 17501 | Gauntlet | Found a transporter.
 17512 | Gauntlet | Found a transporter.
 17515 | Gauntlet | Found a transporter.
 17520 | Gauntlet | Found a runed translucent door.
 17520 | Gauntlet | Found a runed translucent door.
 17525 | Gauntlet | Found a transporter.
 17540 | Gauntlet | Found a runed translucent gate.
 17541 | Gauntlet | Found a transporter.
 17541 | Gauntlet | Found a runed translucent gate.
 17542 | Gauntlet | Found a runed translucent gate.
 17554 | Gauntlet | Found a transporter.
 17566 | Gauntlet | Found a transporter.
 17571 | Gauntlet | Found a transporter.
 17572 | Gauntlet | Noticed a reaper
 17588 | Gauntlet | Found a runed translucent door.
 17598 | Gauntlet | Found a transporter.
 17600 | Gauntlet | Found a transporter.
 17611 | Gauntlet | Found a transporter.
 17663 | Gauntlet | Found a transporter.
 17666 | Gauntlet | Found a transporter.
 18030 | Gauntlet | Identified the ring "Xurod" {rC+ rCorr MP+9}
 18090 | Gauntlet | Noticed a minotaur
 18112 | Gauntlet | Killed a minotaur
 18331 | Lair:2   | Noticed Maggie
 18342 | Lair:2   | Killed Maggie
 18387 | Lair:2   | Found a staircase to the Snake Pit.
 18442 | Lair:2   | Reached XP level 14. HP: 100/127 MP: 19/19
 18831 | Lair:2   | Found a staircase to the Shoals.
 19448 | Lair:2   | Identified the +2 scale mail of the Monkey's Uncle {Drain
                  | rElec rPois rCorr} (Okawaru gifted it to you on level 2 of
                  | the Lair of Beasts)
 19448 | Lair:2   | Received a gift from Okawaru
 19551 | Lair:3   | Noticed DocEon's ghost (journeyman DrSh)
 19661 | Lair:3   | Reached skill level 13 in Fighting
 19696 | Lair:3   | Found a runed translucent gate.
 19697 | Lair:3   | Found a runed translucent gate.
 19697 | Lair:3   | Found a runed translucent gate.
 19909 | Lair:3   | Identified the +3 leather armour of Vlad {rElec rPois rC-
                  | Int+3}
 21441 | Lair:4   | Found a blossoming altar of Fedhas.
 22054 | Lair:4   | Upgraded the game from 0.31-a0-664-g902f515a81 to
                  | 0.31-a0-667-g39726597b9
 22112 | Lair:5   | Entered Level 5 of the Lair of Beasts
 22464 | Lair:5   | Reached skill level 14 in Fighting
 22525 | Lair:5   | Received a gift from Okawaru
 22939 | Lair:5   | Reached skill level 5 in Shields
 23212 | Lair:5   | Found a staircase to the Slime Pits.
 23442 | Lair:5   | Paralysed by a hornet for 2 turns
 23449 | Lair:5   | Paralysed by a hornet for 2 turns
 23456 | Lair:5   | Found a runed translucent door.
 24201 | Lair:5   | Reached XP level 15. HP: 133/139 MP: 20/20
 24630 | Lair:5   | Received a gift from Okawaru
 25080 | Lair:5   | Identified the +1 ring mail of the Harvest {rCorr}
 25848 | D:1      | Bought a scroll of enchant weapon for 75 gold pieces
 26122 | Orc:1    | Entered Level 1 of the Orcish Mines
 26228 | Orc:2    | Entered Level 2 of the Orcish Mines
 26253 | Orc:2    | Found a runed translucent door.
 26470 | Orc:2    | Reached skill level 15 in Fighting
 26473 | Orc:2    | Reached skill level 15 in Armour
 26502 | Orc:2    | Received a gift from Okawaru
 26587 | Orc:2    | Found Zaycuvea's General Store.
 26588 | Orc:2    | Found Piated's Jewellery Shoppe.
 26594 | Orc:2    | Found Luchelog's Distillery.
 26611 | Orc:2    | Found Diroer's Jewellery Emporium.
 26836 | Orc:2    | Found a staircase to the Elven Halls.
 27179 | Orc:1    | Noticed Urug
 27195 | Orc:1    | Noticed Nergalle
 27200 | Orc:1    | Reached skill level 10 in Shields
 27201 | Orc:1    | Killed Urug
 27610 | Orc:1    | Killed Nergalle
 27743 | Orc:2    | Bought a scroll of brand weapon for 142 gold pieces
 27811 | Orc:1    | Received a gift from Okawaru
 27819 | Abyss:2  | Cast into level 2 of the Abyss (orc knight)
 28106 | Abyss:2  | Gained mutation: You occasionally shout uncontrollably at
                  | your foes. [a neqoxec]
 28164 | Abyss:2  | HP: 5/138 [sixfirhy (10)]
 28251 | Abyss:2  | Reached ****** piety under Okawaru
 28477 | Orc:1    | Escaped the Abyss
 28815 | D:12     | Reached skill level 15 in Dodging
 28884 | D:13     | Identified the +0 pair of boots "Koexyxo" {rPois Regen+}
                  | (Okawaru gifted it to you on level 13 of the Dungeon)
 28884 | D:13     | Received a gift from Okawaru
 29018 | D:13     | Reached XP level 16. HP: 149/149 MP: 21/21
 29396 | D:14     | Noticed Frances
 29413 | D:14     | Killed Frances
 30207 | D:14     | Found a gate to the Vaults.
 30587 | D:15     | Entered Level 15 of the Dungeon
 30753 | D:15     | Identified a scroll of acquirement
 30771 | D:15     | Acquired 782 gold pieces
 30866 | D:15     | Reached skill level 15 in Shields
 30871 | D:15     | Found a staircase to the Depths.
 31011 | D:15     | Received a gift from Okawaru
 31580 | Snake:1  | Entered Level 1 of the Snake Pit
 31820 | Snake:1  | Received a gift from Okawaru
 32362 | Snake:2  | Identified the +6 long sword of Okawaru's Outrage {vamp,
                  | rElec rC+} (Okawaru gifted it to you on level 2 of the
                  | Snake Pit)
 32362 | Snake:2  | Received a gift from Okawaru
 32379 | Snake:2  | Identified the +1 leather armour of Sorcery {rElec rC-
                  | Int+3}
 33772 | Snake:3  | Received a gift from Okawaru
 33891 | Snake:3  | Reached XP level 17. HP: 155/156 MP: 22/22
 33929 | Snake:3  | Received a gift from Okawaru
 34051 | Snake:3  | Found Noconev's Distillery.
 34061 | Snake:3  | Found the ring of the Octopus King {Fly HP+2 AC+2 EV+2
                  | SH+2}
 34181 | Snake:3  | Bought a potion of heal wounds for 100 gold pieces
 34181 | Snake:3  | Bought a potion of curing for 60 gold pieces
 34181 | Snake:3  | Found Dimoivula's Antique Armour Shop.
 34626 | Snake:4  | Entered Level 4 of the Snake Pit
 34804 | Snake:4  | Noticed Aizul
 34822 | Snake:3  | Killed Aizul
 34823 | Snake:3  | Reached skill level 10 in Throwing
 35633 | Snake:4  | Found the +11 Singing Sword {sonic wave}
 35799 | Snake:3  | Reached skill level 10 in Evocations
 35910 | Snake:4  | Identified the +1 cloak "Viuffyny" {rF+ Str+3 Int-3 Stlth+}
                  | (Okawaru gifted it to you on level 4 of the Snake Pit)
 35910 | Snake:4  | Received a gift from Okawaru
 36846 | Snake:4  | Identified the +5 scale mail "Ankenug Inta" {rElec rPois
                  | Str+2} (Okawaru gifted it to you on level 4 of the Snake
                  | Pit)
 36846 | Snake:4  | Received a gift from Okawaru
 36846 | Snake:4  | Noticed Vashnia
 36916 | Snake:4  | Killed Vashnia
 37097 | Snake:4  | Reached XP level 18. HP: 148/163 MP: 23/23
 37202 | Snake:4  | Got a serpentine rune of Zot
 37396 | Shoals:1 | Entered Level 1 of the Shoals
 37409 | Shoals:1 | Noticed Louise
 37456 | Shoals:1 | Killed Louise
 37477 | Shoals:1 | Noticed Roxanne
 37580 | Shoals:1 | Noticed Jorgrun
 37588 | Shoals:1 | Killed Jorgrun
 37959 | Shoals:1 | Reached skill level 10 in Invocations
 38682 | Shoals:2 | Noticed Polyphemus
 38694 | Shoals:2 | Killed Polyphemus
 39287 | Shoals:2 | Received a gift from Okawaru
 39306 | Shoals:2 | Got the Notes on the Fault
 39643 | Shoals:3 | Noticed Nikola
 39651 | Shoals:2 | Killed Nikola
 39784 | Shoals:2 | Received a gift from Okawaru
 39929 | Shoals:3 | Noticed Ilsuiw
 39976 | Shoals:3 | Killed Ilsuiw
 40891 | Shoals:4 | Entered Level 4 of the Shoals
 40961 | Shoals:4 | Reached skill level 15 in Throwing
 41179 | Shoals:4 | Identified the ring of Uvelach {rElec rN+ Str+2 Int+6
                  | Slay+6}
 41190 | Shoals:4 | Identified the +1 shadow dragon scales of the Unseen Realm
                  | {*Corrode rPois MP+9 Int+3 Stlth++++} (Okawaru gifted it to
                  | you on level 4 of the Shoals)
 41190 | Shoals:4 | Received a gift from Okawaru
 41214 | Shoals:4 | Reached XP level 19. HP: 67/170 MP: 26/26
 41319 | Shoals:4 | Noticed Kirke
 41325 | Shoals:4 | Killed Kirke
 41530 | Shoals:4 | Got a barnacled rune of Zot
 42117 | Elf:1    | Entered Level 1 of the Elven Halls
 42517 | Elf:1    | Found Edarus's Armour Shoppe.
 42529 | Elf:1    | Bought the +8 orange crystal plate armour {Archmagi, Int+3
                  | Clar} for 1589 gold pieces
 42529 | Elf:1    | Found the +8 orange crystal plate armour {Archmagi, Int+3
                  | Clar}
 42635 | Elf:1    | Received a gift from Okawaru
 42944 | Elf:2    | Received a gift from Okawaru
 42989 | Elf:2    | Identified the +0 pair of boots "Acounk" {rC+ Regen+ Int+3}
                  | (Okawaru gifted it to you on level 2 of the Elven Halls)
 42989 | Elf:2    | Received a gift from Okawaru
 43056 | Elf:2    | Identified the +4 quarterstaff of Valuable Assets {flame,
                  | *Rage Will+ Str+2}
 43070 | Abyss:2  | Cast into level 2 of the Abyss (a deep elf sorcerer)
 43075 | Abyss:2  | Found a corrupted altar of Lugonu.
 43141 | Abyss:2  | Found a corrupted altar of Lugonu.
 43143 | Abyss:2  | Found a corrupted altar of Lugonu.
 43143 | Abyss:2  | Found a corrupted altar of Lugonu.
 43320 | Abyss:2  | Gained mutation: You have large cloven feet. [a neqoxec]
 43337 | Abyss:2  | Found a corrupted altar of Lugonu.
 43398 | Abyss:2  | Noticed a bone dragon
 43415 | Abyss:2  | Killed a bone dragon
 43441 | Elf:2    | Escaped the Abyss
 43498 | Elf:2    | Identified the +0 pair of boots of Ejeschuo {rN+}
 43568 | Elf:2    | Found a runed translucent gate.
 43568 | Elf:2    | Found a runed translucent gate.
 43568 | Elf:2    | Found a runed translucent gate.
 43857 | Elf:3    | Entered Level 3 of the Elven Halls
 44046 | Elf:3    | Found Foanuq's Tiny Tomes.
 44404 | Elf:3    | Reached skill level 16 in Fighting
 44835 | Abyss:3  | Cast into level 3 of the Abyss (a deep elf sorcerer)
 44850 | Abyss:3  | Found a corrupted altar of Lugonu.
 44953 | Abyss:3  | Noticed a bone dragon
 44963 | Abyss:3  | Killed a bone dragon
 44963 | Abyss:3  | Received a gift from Okawaru
 44981 | Abyss:3  | Noticed a bone dragon
 44981 | Abyss:3  | Noticed a bone dragon
 44994 | Abyss:3  | Killed a bone dragon
 45000 | Abyss:3  | Killed a bone dragon
 45000 | Abyss:3  | Received a gift from Okawaru
 45070 | Abyss:3  | Reached XP level 20. HP: 159/181 MP: 24/27
 45079 | Abyss:3  | Identified the +9 tower shield of the Present {Dex+2}
                  | (Okawaru gifted it to you on level 3 of the Abyss)
 45079 | Abyss:3  | Received a gift from Okawaru
 45147 | Elf:3    | Escaped the Abyss
 45545 | Elf:3    | Identified the +1 hand axe of Revolt {spect, SInv}
 45589 | Elf:3    | Identified the +4 shortbow of the Exiled Songs {heavy, rC++
                  | Will+ rCorr}
 45717 | Elf:3    | Identified the +2 triple crossbow "Kammujos" {antimagic,
                  | rC+ Will+}
 45719 | Elf:3    | Got the Almanac of the Wyrd
 45922 | Elf:3    | Identified the staff of Tension {+Blink rPois Str+3 Poison}
 45974 | Elf:3    | Found the +2 hood of the Assassin {Detect Stab+ Stlth++}
 45982 | Elf:3    | Received a gift from Okawaru
 46429 | Vaults:1 | Entered Level 1 of the Vaults
 46665 | Vaults:1 | Reached skill level 17 in Fighting
 47065 | Vaults:1 | Noticed Donald
 47071 | Vaults:1 | Killed Donald
 47392 | Vaults:1 | Identified the +0 trident of the Sharing Queen {freeze,
                  | Dex+10} (Okawaru gifted it to you on level 1 of the Vaults)
 47392 | Vaults:1 | Received a gift from Okawaru
 47960 | Vaults:2 | Identified the +0 pair of boots of Inaction {-Tele rF+
                  | Str+5} (Okawaru gifted it to you on level 2 of the Vaults)
 47960 | Vaults:2 | Received a gift from Okawaru
 48259 | Vaults:2 | Found Meiggipt's Weapon Emporium.
 48281 | Vaults:2 | Reached XP level 21. HP: 192/192 MP: 28/28
 48357 | Vaults:2 | Noticed Mara
 48367 | Vaults:2 | Noticed MrSquiggles's illusion
 49172 | Vaults:2 | Noticed MrSquiggles's illusion
 49183 | Vaults:2 | Killed Mara
 49474 | Vaults:3 | Identified the +8 sling "Neanygitz" {freeze, rPois Stlth+}
 49533 | Vaults:3 | Found Zuivostog's Antique Weapon Boutique.
 49680 | Vaults:3 | Received a gift from Okawaru
 49683 | Vaults:3 | Reached skill level 18 in Fighting
 49763 | Abyss:3  | Cast into level 3 of the Abyss (a wizard)
 49780 | Abyss:3  | Received a gift from Okawaru
 49795 | Abyss:3  | Received a gift from Okawaru
 49797 | Abyss:3  | Paralysed by accursed screaming for 1 turns
 49809 | Abyss:3  | Paralysed by accursed screaming for 1 turns
 49928 | Vaults:3 | Escaped the Abyss
 49961 | Vaults:3 | Paralysed by something for 2 turns
 50245 | Vaults:3 | Received a gift from Okawaru
 50610 | Vaults:3 | Found a staircase to the Crypt.
 51109 | Vaults:4 | Reached XP level 22. HP: 183/204 MP: 29/29
 51468 | Vaults:4 | Reached skill level 15 in Evocations
 51524 | Abyss:3  | Cast into level 3 of the Abyss (a wizard)
 51535 | Abyss:3  | Received a gift from Okawaru
 51536 | Abyss:3  | Found a corrupted altar of Lugonu.
 51547 | Abyss:3  | Found a corrupted altar of Lugonu.
 51703 | Abyss:3  | Paralysed by accursed screaming for 1 turns
 51733 | Vaults:4 | Escaped the Abyss
 51755 | Vaults:4 | Reached skill level 19 in Fighting
 52129 | Vaults:4 | Identified the +5 hand axe "Uwnagul" {drain, rF+}
 52395 | Crypt:1  | Entered Level 1 of the Crypt
 52755 | Crypt:1  | Received a gift from Okawaru
 53105 | Crypt:1  | Received a gift from Okawaru
 53195 | Crypt:1  | Found a basalt altar of Yredelemnul.
 53213 | Crypt:1  | Got Woeneo Bonan's Papyrus of Correspondence and the Curse
 53736 | Crypt:2  | Received a gift from Okawaru
 53737 | Crypt:2  | Paralysed by something for 2 turns
 54353 | Crypt:3  | Entered Level 3 of the Crypt
 54361 | Crypt:3  | Received a gift from Okawaru
 54415 | Crypt:3  | Reached XP level 23. HP: 203/215 MP: 30/30
 54733 | Crypt:3  | Found a staircase to the Tomb.
 54942 | Crypt:2  | Reached skill level 20 in Fighting
 55798 | Crypt:3  | Identified the +1 pair of boots of Happy Babbling {rN+
                  | Slay+2} (Okawaru gifted it to you on level 3 of the Crypt)
 55798 | Crypt:3  | Received a gift from Okawaru
 55807 | Crypt:3  | Noticed a dread lich
 55819 | Crypt:3  | Killed a dread lich
 56246 | Depths:1 | Entered Level 1 of the Depths
 56311 | Abyss:3  | Cast into level 3 of the Abyss (a wizard)
 56456 | Depths:1 | Escaped the Abyss
 56944 | Depths:1 | Found a one-way gate to the infinite horrors of the Abyss.
 57060 | Depths:1 | Found a one-way gateway to a ziggurat.
 57371 | Depths:1 | Received a gift from Okawaru
 57399 | Depths:1 | Paralysed by a floating eye for 3 turns
 57403 | Depths:1 | Paralysed by a floating eye for 3 turns
 57413 | Depths:1 | Paralysed by a floating eye for 3 turns
 57661 | Depths:1 | Found a gateway to Hell.
 57864 | Depths:2 | Noticed a caustic shrike
 57872 | Depths:2 | Killed a caustic shrike
 58414 | Depths:2 | Noticed a caustic shrike
 58424 | Depths:2 | Killed a caustic shrike
 58424 | Depths:2 | Received a gift from Okawaru
 58433 | Depths:2 | Reached skill level 21 in Fighting
 58610 | Depths:2 | Identified the +2 robe of the Goldsmith {Str+3} (Okawaru
                  | gifted it to you on level 2 of the Depths)
 58610 | Depths:2 | Received a gift from Okawaru
 58623 | Depths:2 | Found Fiajaesi's Jewellery Boutique.
 58656 | Depths:2 | Paralysed by a vampire knight for 3 turns
 58779 | Depths:2 | Reached XP level 24. HP: 228/228 MP: 30/30
 58858 | Depths:2 | Found a burning altar of Makhleb.
 59032 | Depths:2 | Found a one-way gate leading to the halls of Pandemonium.
 59837 | Depths:3 | Found an ancient bone altar of Kikubaaqudgha.
 60113 | Depths:4 | Entered Level 4 of the Depths
 60139 | Depths:4 | Found a white marble altar of Elyvilon.
 60154 | Depths:4 | Identified the +3 plate armour "Deohimuag" {rElec rF+
                  | Dex+4} (Okawaru gifted it to you on level 4 of the Depths)
 60154 | Depths:4 | Received a gift from Okawaru
 60230 | Depths:4 | Found a gate to the Realm of Zot.
 60829 | Depths:4 | Paralysed by a sphinx for 4 turns
 61121 | Depths:4 | Found Sielaum's Jewellery Shoppe.
 61122 | Depths:4 | Found Geul's Book Boutique.
 61122 | Depths:4 | Found Ymufeklo's Book Boutique.
 61478 | Vaults:5 | Entered Level 5 of the Vaults
 61497 | Vaults:5 | Reached skill level 22 in Fighting
 61518 | Vaults:5 | Noticed an ancient lich
 61527 | Vaults:5 | Killed an ancient lich
 61549 | Vaults:5 | Received a gift from Okawaru
 61758 | Vaults:5 | Received a gift from Okawaru
 61790 | Vaults:5 | Noticed Boris
 61800 | Vaults:5 | Killed Boris
 61800 | Vaults:5 | Received a gift from Okawaru
 61832 | Vaults:5 | Reached XP level 25. HP: 78/238 MP: 24/30
 61984 | Vaults:5 | Noticed a dread lich
 61996 | Vaults:5 | Killed a dread lich
 62247 | Vaults:5 | Identified the ring of Locikyrch {rF+ rN+ AC+4 Int+7
                  | Stlth-}
 62345 | Vaults:5 | Received a gift from Okawaru
 62662 | Vaults:5 | Found the ring of the Mage {Wiz Archmagi}
 62664 | Vaults:5 | Found the +4 Cigotuvi's embrace {Corpsefed rMiasma Drain
                  | rN+}
 62700 | Vaults:5 | Got the Directory of Foggy Conjuring
 63024 | Vaults:5 | Got a silver rune of Zot
 63578 | Zot:1    | Entered Level 1 of the Realm of Zot
 63604 | Zot:1    | Noticed Vv
 63631 | Zot:1    | Killed Vv
 63651 | Zot:1    | Received a gift from Okawaru
 63856 | Zot:1    | Identified the +0 cloak of Grot {rCorr Str+3 SInv} (Okawaru
                  | gifted it to you on level 1 of the Realm of Zot)
 63856 | Zot:1    | Received a gift from Okawaru
 64263 | Zot:1    | Noticed an orb of fire
 64278 | Zot:1    | Killed an orb of fire
 64686 | Zot:2    | Found a transporter.
 64691 | Zot:2    | Found a shimmering blue altar of Sif Muna.
 64694 | Zot:2    | Noticed an orb of fire
 64733 | Zot:2    | Noticed an orb of fire
 64743 | Zot:2    | Killed an orb of fire
 64893 | Zot:2    | Received a gift from Okawaru
 64997 | Zot:2    | Reached skill level 23 in Fighting
 65274 | Zot:2    | Reached XP level 26. HP: 146/250 MP: 26/30
 65369 | Zot:2    | Noticed a dread lich
 65899 | Zot:3    | Received a gift from Okawaru
 66586 | Zot:3    | Got the Tractate on the Evolved Mesa
 67026 | Zot:4    | Identified the +6 scale mail "Wewetot" {rC+ Dex+3} (Okawaru
                  | gifted it to you on level 4 of the Realm of Zot)
 67026 | Zot:4    | Received a gift from Okawaru
 67066 | Zot:4    | Identified the +0 leather armour "Acrejav" {Str+3}
 67179 | Zot:4    | Identified the +9 scimitar of the King {freeze, rPois Will+
                  | MP+9 Dex-4}
 68162 | Zot:5    | Entered Level 5 of the Realm of Zot
 68163 | Zot:5    | Acquired the amulet "Wuzivual" {Reflect rC+ Dex+3 SH+5
                  | Stlth+}
 69778 | D:1      | Bought a scroll of enchant armour for 75 gold pieces
 69778 | D:1      | Bought a scroll of enchant armour for 75 gold pieces
 71038 | Lair:1   | Killed avis's ghost
 71148 | Lair:3   | Killed DocEon's ghost
 71567 | Zot:2    | Noticed an ancient lich
 71584 | Zot:2    | Killed an orb of fire
 71611 | Zot:2    | Killed a dread lich
 71612 | Zot:2    | Reached skill level 24 in Fighting
 71623 | Zot:2    | Found a transporter.
 71971 | Zot:2    | Killed an ancient lich
 71971 | Zot:2    | Received a gift from Okawaru
 72177 | Zot:2    | Identified the +2 hat of Space {rF+}
 72799 | Zot:5    | Received a gift from Okawaru
 72998 | Zot:5    | Reached XP level 27. HP: 248/264 MP: 30/30
 73183 | Zot:5    | Noticed an orb of fire
 73188 | Zot:5    | Gained mutation: You frequently scream uncontrollably at
                  | your foes. [an orb of fire]
 73197 | Zot:5    | Killed an orb of fire
 73204 | Zot:5    | Noticed an ancient lich
 73210 | Zot:5    | Killed an ancient lich
 73320 | Zot:5    | Reached skill level 25 in Fighting
 73389 | Zot:5    | Identified the +6 spear of Cosos {freeze, Contam Str+2
                  | Dex+3} (Okawaru gifted it to you on level 5 of the Realm of
                  | Zot)
 73389 | Zot:5    | Received a gift from Okawaru
 74131 | Zot:5    | Noticed an orb of fire
 74147 | Zot:5    | Killed an orb of fire
 74213 | Zot:5    | Got the Orb of Zot
 74381 | Zot:2    | Reached skill level 26 in Fighting
 74399 | Zot:2    | Received a gift from Okawaru
 74879 | D:3      | Noticed Vuletz the pandemonium lord
 74957 | D:$      | Escaped with the Orb!

Illustrated notes

Levels and vault maps discovered:
D:1:      psy_arrival_radial02, layout_basic,
          ebering_ecumenical_altar_abandoned, serial_shops, shop
D:2:      layout_basic
D:3:      layout_loops_cross, gammafunk_ghost_mausoleum,
          kennysheep_generic_room_6, uniq_robin
D:4:      layout_loops_ring, tso_metal_star, nicolae_vehumet_altar_sigil,
          mainiacjoe_overflow_alcove_4, dreamdust_princess_corridor
D:5:      cheibrodos_barr_body, layout_basic, kennysheep_mini,
          skrybe_limestone_x, minmay_shop_grid_forest, uniq_eustachio
D:6:      layout_gridville, nicolae_uskayaw_dance_hall,
          mainiacjoe_overflow_catwalk, yredelemnul_forgotten_temple_becter,
          minmay_temple_entry_hall, serial_demonic, serial_demonic_a,
          serial_demonic_f, serial_demonic_c, serial_demonic_g
D:7:      layout_basic
D:8:      layout_cave_pools, lemuel_round_altar, enter_ossuary_1, serial_shops,
          nicolae_shop_crystal, shop, shop, nicolae_shop_pleasant_corner_grove,
          uniq_grum, uniq_prince_ribbit1
D:9:      wander_kiku_kobolds, layout_stronghold, grunt_gozag_statues,
          mainiacjoe_overflow_alcove_2, lemuel_round_altar,
          nicolae_overflow_crystal_walls, general_overflow_altar,
          lair_entry_dummy
D:10:     layout_layer_cave, mainiacjoe_overflow_chevrons, grunt_potential,
          uniq_lodul, uniq_josephine
D:11:     minmay_the_grid_triangle_9x9_line_8_mashed
          [minmay_the_grid_triangle_9x9_stretched_checkered,
          minmay_the_grid_triangle_9x9_zippers_vertical,
          minmay_the_grid_triangle_9x9_warning,
          minmay_the_grid_triangle_9x9_wacky_v,
          minmay_the_grid_triangle_9x9_cache,
          minmay_the_grid_triangle_9x9_corrupted_corridor,
          minmay_the_grid_triangle_9x9_checkered,
          minmay_the_grid_triangle_9x9_prize_top_heavy], layout_cave_pools,
          orc_0_dummy, st_stairs_6, kennysheep_nondescript,
          nicolae_ru_great_annihilating_truth
D:12:     layout_irregular_city, uniq_psyche, uniq_fannar
D:13:     layout_rooms, grunt_ministairs_3
D:14:     argonaut_augean_stables, layout_long_grid, david_vaults_5,
          nicolae_hexahallways, nicolae_letterblocks [nicolae_letter_subblock,
          nicolae_letter_subblock, nicolae_letter_subblock,
          nicolae_letter_subblock, nicolae_letter_subblock,
          nicolae_letter_subblock, nicolae_letter_subblock,
          nicolae_letter_subblock, nicolae_letter_subblock,
          nicolae_letter_subblock, nicolae_letter_subblock,
          nicolae_letter_subblock, nicolae_letter_subblock,
          nicolae_letter_subblock, nicolae_letter_subblock,
          nicolae_letter_subblock, nicolae_letter_subblock,
          nicolae_letter_subblock, nicolae_letter_subblock,
          nicolae_letter_subblock, nicolae_letter_subblock,
          nicolae_letter_subblock, nicolae_letter_subblock,
          nicolae_letter_subblock, nicolae_letter_subblock], uniq_frances
D:15:     grunt_enter_depths_snipers, layout_irregular_city
Lair:1:   layout_cave_shapes, gammafunk_ghost_icy, portal_ice_cave_rime,
          nicolae_quartered_pool_little
Lair:2:   layout_gridlike, minmay_shoals_entry_centaurs,
          nicolae_snake_entry_warm_welcome, gauntlet_entry_generic, uniq_maggie
Lair:3:   layout_regular_city, maelrawn_ghost_gauntlet_escape, ice2_lemuel
Lair:4:   layout_cave_pods, hangedman_tree_tricks
Lair:5:   wormcave, layout_cave_pods, hangedman_lair_tendril_chambers,
          dpeg_slime_entry_enclosed
Shoals:1: layout_shoals, uniq_roxanne, uniq_louise, uniq_jorgrun
Shoals:2: layout_shoals, uniq_polyphemus
Shoals:3: layout_shoals, uniq_ilsuiw, uniq_nikola
Shoals:4: shoals_end_hellmonk_lost_city, uniq_kirke
Snake:1:  layout_grid_shapes
Snake:2:  layout_cave_pods, lemuel_fruit_tree
Snake:3:  layout_basic, minmay_shoptagon
Snake:4:  snake_pit_salamanders_mu, layout_cave_pods, uniq_vashnia, uniq_aizul
Orc:1:    layout_diamond_mine, basic_altar, uniq_urug, uniq_nergalle
Orc:2:    st_orc_open, layout_caves, lightli_church_of_beogh
Elf:1:    eino_elf_arrival_the_gate, layout_geoelf_diagonals, serial_shops,
          nicolae_shop_mannequins, minivault_28, grunt_ministairs_6
Elf:2:    elven_hall_of_blades_hangedman_original [nicolae_blade_bullseye],
          layout_geoelf_octagon, serial_sigils, serial_sigils_hangedman_stare,
          serial_sigils_hangedman_gnaw, serial_sigils_hangedman_writhe,
          serial_sigils_hangedman_carve, nicolae_elf_free_trip_to_the_abyss
Elf:3:    nooodl_elf_gasket, layout_loops_corners,
          nicolae_shop_i_like_small_books_too
Vaults:1: v_alt_pattern_1, nicolae_vaults_turnstiles,
          nicolae_vaults_surprise_closet, ontoclasm_vaults_gateway,
          nicolae_vaults_closet_pinwheel_2, nicolae_vaults_security_offices_1,
          nicolae_vaults_theta, nicolae_vaults_rhombus_6,
          nicolae_vaults_weapon_check, vaults_room_hallway,
          nicolae_vaults_layer_cake_slice, layout_vaults_omnigrid, uniq_donald
Vaults:2: nicolae_vaults_trapezoid_lopsided_2, nicolae_vaults_network_periphery,
          nicolae_vaults_more_shelving_2, nicolae_vaults_border_crossing,
          vaults_room_fours, nicolae_vaults_wine_cellar, v_rooms_4, v_misc_23,
          nicolae_vaults_trapezoid_1, nicolae_vaults_layer_cake_slice,
          layout_vaults_omnicross, serial_shops, shop_fountains, uniq_mara
Vaults:3: nicolae_vaults_holding_cells, vaults_room_grunt_arrival_checkpoint,
          minmay_crypt_entry_simple_sparse, hangedman_vaults_nails,
          nicolae_vaults_ring_of_whatevers, nicolae_vaults_specimen_jars,
          v_alt_pattern_4, hangedman_vaults_trim, nicolae_vaults_sightless_eye,
          v_rooms_4, v_misc_14, layout_vaults_big_room, serial_shops, shop
Vaults:4: nicolae_vaults_circle_grid_b, v_rooms_5,
          nicolae_vaults_twisting_passages, hangedman_vaults_stream,
          vaults_room_door_hall, ontoclasm_vaults_tryst,
          nicolae_vaults_diamond_1, vaults_room_pool,
          nicolae_vaults_oval_intersection, layout_vaults_omnibox
Vaults:5: serial_shops, uniq_boris
Crypt:1:  gammafunk_crypt_yreds_forest, layout_chaotic_city,
          grunt_crypt_arrival_split
Crypt:2:  layout_catacombs
Crypt:3:  david_glass_crypt, layout_gridlike, tomb_entry_pyramid_bobbens,
          grunt_ministairs_7, uniq_margery
Depths:1: layout_gridville, enter_ziggurat_c, hellmouth_1, serial_rivers,
          chequers_serial_rivers_micro_a, chequers_serial_rivers_large_a,
          chequers_serial_rivers_marsh, chequers_serial_rivers_large_b,
          abyss_entry, minmay_shattered_shrine
Depths:2: minmay_bad_star, layout_cave_shapes, hell_entry,
          grunt_pan_entry_zigzag, dk_noncrumbling_3, serial_shops,
          nicolae_shop_hallway_plus, makhleb_altar_promises_db
Depths:3: cheibrodos_quadrivalence, layout_gridlike, hangedman_decor_opposing,
          abyss_entry_small_statue_room, grunt_mini_vestibule, st_stairs_7,
          kiku_gazebo_pond_becter, infiniplex_staircase_spiral_double
Depths:4: grunt_zot_entry_funnels, layout_honeycomb, patterned_corridor,
          hangedman_coc_ice_floe, pan_entry, elyvilon_altar_1, minmay_shop_grove
Zot:1:    layout_misc_corridors, uniq_vv
Zot:2:    gammafunk_sealed_library, layout_misc_corridors, st_stairs_4,
          hellmonk_formless_pools
Zot:3:    layout_misc_corridors, st_small_dragon_hoard_3, uniq_josephina
Zot:4:    layout_gridlike
Zot:5:    layout_twisted_circle

Skill      XL: |  1  2  3  4  5  6  7  8  9 10 11 12 13 14 15 16 17 18 19 20 21 22 23 24 25 26 27 |
---------------+----------------------------------------------------------------------------------+-----
Polearms       | 3 4 5 6 8 10 13 14 | 14.0
Invocations    | 1 2 3 5 7 8 9 11 | 11.0
Throwing       | 6 9 12 15 16 17 18 | 18.6
Fighting       | 4 7 9 10 12 14 15 16 17 18 19 21 22 23 24 26 | 26.1
Armour         | 4 7 9 10 12 14 15 16 17 18 19 21 22 23 24 | 24.3
Dodging        | 2 5 8 10 12 13 15 16 17 18 19 20 22 23 | 23.9
Evocations     | 3 6 8 12 13 14 15 16 17 18 | 18.1
Shields        | 6 12 15 16 17 18 19 21 22 23 24 | 24.2

Action                     |  1- 3 |  4- 6 |  7- 9 | 10-12 | 13-15 | 16-18 | 19-21 | 22-24 | 25-27 || total
---------------------------+-------+-------+-------+-------+-------+-------+-------+-------+-------++-------
  Melee: Trident           |    79 |   138 |   279 |   725 |  1228 |       |       |       |       ||  2449
         Headbutt          |    16 |    23 |    39 |   111 |   370 |   223 |   264 |   431 |   313 ||  1790
         Demon trident     |       |       |       |       |   365 |  1260 |  1109 |  1431 |  1064 ||  5229
  Throw: Dart              |       |       |    15 |    28 |    90 |     4 |       |       |       ||   137
         Boomerang         |       |       |     9 |    12 |    37 |   215 |   102 |    45 |   309 ||   729
         Javelin           |       |       |       |       |       |       |     1 |    21 |     7 ||    29
 Invoke: Heroism           |       |       |     6 |    12 |    19 |    13 |    11 |     7 |    14 ||    82
         Finesse           |       |       |       |       |       |     1 |     2 |     1 |     4 ||     8
  Evoke: Wand              |       |       |       |     2 |     6 |     7 |     4 |     4 |     5 ||    28
         Lightning rod     |       |       |       |       |     4 |     5 |       |       |       ||     9
         Condenser vane    |       |       |       |       |     1 |     2 |     3 |       |       ||     6
    Use: Scroll            |     7 |     3 |     4 |    10 |    15 |     6 |     6 |     6 |    20 ||    77
         Potion            |       |     1 |     3 |    10 |     4 |     2 |     3 |     5 |    16 ||    44
   Stab: Invisible         |       |       |     2 |       |       |       |       |     1 |       ||     3
         Paralysed         |       |       |       |     2 |       |       |       |       |       ||     2
         Distracted        |       |       |       |       |     1 |    21 |    19 |    25 |    24 ||    90
         Confused          |       |       |       |       |     1 |     2 |       |       |     1 ||     4
         Petrified         |       |       |       |       |       |     2 |       |       |       ||     2
         Sleeping          |       |       |       |       |       |       |     2 |       |       ||     2
         Fleeing           |       |       |       |       |       |       |     1 |       |       ||     1
 Armour: Scale mail        |    29 |    98 |    59 |       |       |   154 |     6 |       |       ||   346
         Plate armour      |       |       |    40 |       |       |       |       |       |       ||    40
         Chain mail        |       |       |     1 |   309 |   697 |   298 |       |       |       ||  1305
         Crystal plate arm |       |       |       |       |       |       |   360 |   486 |   299 ||  1145
         Shadow dragon sca |       |       |       |       |       |       |    17 |       |       ||    17
         Gold dragon scale |       |       |       |       |       |       |       |       |    82 ||    82
  Dodge: Dodged            |    30 |    57 |    66 |   208 |   489 |   337 |   197 |   289 |   238 ||  1911
  Block: Buckler           |     7 |    31 |    26 |    88 |   253 |       |       |       |       ||   405
         Reflection        |       |       |       |       |    20 |    21 |       |       |       ||    41
         Kite shield       |       |       |       |       |   435 |   655 |   124 |       |       ||  1214
         Tower shield      |       |       |       |       |       |       |   657 |  1182 |   687 ||  2526

Table legend: (Time is in decaauts)
 A = Elapsed time spent in this place.
 B = Non-inter-level travel time spent in this place.
 C = Inter-level travel time spent in this place.
 D = Time resting spent in this place.
 E = Time spent auto-exploring this place.
 F = Levels seen in this place.
 G = Mean time per level.
                   A        B        C        D        E       F      G
               +--------+--------+--------+--------+--------+-----+--------+
         Total |  72343 |  63760 |   8583 |  12081 |  37433 |  60 | 1205.7 |
       Dungeon |  20323 |  16761 |   3562 |   3130 |  10489 |  15 | 1354.9 |
          Lair |   8895 |   8154 |    741 |   1301 |   5092 |   5 | 1779.0 |
        Shoals |   4372 |   4124 |    248 |   1009 |   2215 |   4 | 1093.0 |
     Snake Pit |   5597 |   5184 |    413 |   1255 |   2916 |   4 | 1399.2 |
  Orcish Mines |   2243 |   1713 |    530 |    374 |    911 |   2 | 1121.5 |
   Elven Halls |   3498 |   3183 |    315 |    782 |   1664 |   3 | 1166.0 |
        Vaults |   7806 |   6638 |   1168 |    838 |   4319 |   5 | 1561.2 |
         Crypt |   3505 |   3351 |    154 |    334 |   2188 |   3 | 1168.3 |
        Depths |   5111 |   4265 |    846 |    408 |   2856 |   4 | 1277.8 |
           Zot |   7468 |   6867 |    601 |   1782 |   3472 |   5 | 1493.6 |
         Abyss |   1752 |   1752 |      0 |    402 |    702 |   7 |  250.3 |
       Ossuary |    373 |    373 |      0 |      0 |    250 |   1 |  373.0 |
      Ice Cave |    651 |    651 |      0 |    171 |    200 |   1 |  651.0 |
      Gauntlet |    743 |    743 |      0 |    291 |    157 |   1 |  743.0 |
               +--------+--------+--------+--------+--------+-----+--------+

Top non-repeatable levels by time:
  Lair:5: 3280 daAuts
   Zot:5: 2172 daAuts
   Elf:3: 2022 daAuts
   Zot:2: 1996 daAuts
 Snake:4: 1955 daAuts
     D:9: 1942 daAuts
    D:10: 1936 daAuts
Vaults:1: 1896 daAuts
Depths:1: 1792 daAuts
  Lair:2: 1785 daAuts
    D:12: 1769 daAuts
    D:11: 1741 daAuts
Vaults:5: 1737 daAuts
     D:2: 1732 daAuts
   Orc:2: 1661 daAuts
